 Dungeon Crawl Stone Soup version 0.26.0-16-gc1dbca0489 (webtiles) character file.

Game seed: 10240665813705460994

23 kaeus the Grave Robber (level 2, 0/30 HPs)
             Began as a Gnoll Necromancer on Jan 20, 2021.
             Slain by an adder (2 damage)
             ... on level 2 of the Dungeon.
             The game lasted 00:02:04 (932 turns).

kaeus the Grave Robber (Gnoll Necromancer)           Turns: 932, Time: 00:02:04

Health: 0/30       AC: 21    Str: 10    XL:     2   Next: 95%
Magic:  7/7        EV:  2    Int: 17    God:
Gold:   81         SH:  0    Dex: 15    Spells: 8/10 levels left

rFire    . . .     SeeInvis .   e - +0 dagger
rCold    . . .     Faith    .   (no shield)
rNeg     + + +     Spirit   .   (armour currently unavailable)
rPois    +         Reflect  .   (helmet currently unavailable)
rElec    .         Harm     .   (cloak currently unavailable)
rCorr    .         Rampage  .   (gloves currently unavailable)
Will     .....     NoTele   +   (boots currently unavailable)
Stlth    +++.......             (no amulet)
HPRegen  0.10/turn              (no ring)
MPRegen  0.10/turn              (no ring)

@: tree-form
A: distributed training, strong nose
a: no special abilities


You were on level 2 of the Dungeon.
You were a tree.
You visited 1 branch of the dungeon, and saw 2 of its levels.

You collected 81 gold pieces.

Inventory:

Hand Weapons
 e - a +0 dagger (weapon)
Armour
 b - a +0 leather armour (melded)
 d - a +1 pair of gloves (melded)
 m - a scarf of resistance (melded)
Scrolls
 a - a scroll of amnesia {unknown}
 c - 3 scrolls of identify {unknown}
 f - a scroll of teleportation {unknown}
 j - a scroll of immolation {unknown}
 k - 2 scrolls of remove curse {unknown}
Potions
 i - a potion of brilliance {unknown}
 l - a potion of curing {unknown}
 n - a potion of haste {unknown}


   Skills:
 + Level 0.5 Fighting
 + Level 0.5 Short Blades
 + Level 0.5 Long Blades
 + Level 0.5 Axes
 + Level 0.5 Maces & Flails
 + Level 0.5 Polearms
 + Level 0.5 Staves
 + Level 0.5 Slings
 + Level 0.5 Bows
 + Level 0.5 Crossbows
 + Level 0.5 Throwing
 + Level 0.5 Armour
 + Level 4.5 Dodging
 + Level 4.1 Stealth
 + Level 0.5 Shields
 + Level 0.5 Unarmed Combat
 + Level 4.9 Spellcasting
 + Level 0.4 Conjurations
 + Level 0.4 Hexes
 + Level 0.4 Summonings
 + Level 7.0 Necromancy
 + Level 0.4 Translocations
 + Level 0.4 Transmutations
 + Level 0.4 Fire Magic
 + Level 0.4 Ice Magic
 + Level 0.4 Air Magic
 + Level 0.4 Earth Magic
 + Level 0.4 Poison Magic
 + Level 0.7 Invocations
 + Level 0.5 Evocations


You had 8 spell levels left.
You knew the following spells:

 Your Spells              Type           Power        Failure   Level
a - Pain                  Necr           100%         1%          1
b - Animate Skeleton      Necr           56%          1%          1

Your spell library contained the following spells:

 Spells                   Type           Power        Failure   Level
 Vampiric Draining        Necr           14%          2%          3
 Animate Dead             Necr           14%          8%          4
 Agony                    Necr           28%          22%         5


Dungeon Overview and Level Annotations

Branches:
Dungeon (2/15)

Altars:


Innate Abilities, Weirdness & Mutations

Your experience applies equally to all skills.
((You have very sharp teeth.))
Your uncanny sense of smell can sniff out nearby items.


Message History

The bat enters a dispersal trap!
The adder blinks! x3; You blink.
The bat blinks!
You feel sick. The bat closely misses you. The bat hits you but does no damage.
The adder barely misses you. The bat closely misses you.
The adder enters a dispersal trap!
The bat blinks! x2
You blink.
The adder blinks!
You feel sick.
You are no longer poisoned.
The bat hits you.
* * * LOW HITPOINT WARNING * * *
It was a potion of lignification.
You turn into a tree.
Your scarf of resistance melds into your body.
Your +1 pair of gloves melds into your body.
Your +0 leather armour melds into your body.
You feel hot and cold all over.
Your roots penetrate the ground.
The bat barely misses you.
It was a potion of flight.
Your roots keep you in place.
The bat hits you but does no damage. The adder bites you but does no damage.
The adder bites you.
You die...

... ........ ##. #.
#.###..>.... #.. #.
#..#..###.# #..
##.##.....(.#.#####.)
##.....<..............
................######
#..#......^......#####
. #.b................
#.♣S......#####....
####...............###
#........###########
####.##### #. ##


You could see an adder and a bat.

Vanquished Creatures
  A leopard gecko (D:1)
  A giant cockroach (D:1)
  4 hobgoblins (D:1)
  3 jackals (D:1)
  3 kobolds (D:1)
  4 bats
  A frilled lizard (D:1)
  A goblin (D:1)
  A rat (D:1)
19 creatures vanquished.

Notes
Turn   | Place    | Note
-------+----------+-------------------------------------------
     0 | D:1      | kaeus the Gnoll Necromancer began the quest for the Orb.
     0 | D:1      | Reached XP level 1. HP: 13/13 MP: 6/6
     3 | D:1      | Learned a level 1 spell: Animate Skeleton
   220 | D:1      | Reached XP level 2. HP: 14/19 MP: 2/7
   930 | D:2      | HP: 1/20 [bat (1)]
   932 | D:2      | Slain by an adder

Illustrated notes

Levels and vault maps discovered:
D:1:      heliophobic_arrival_battle_scene, layout_rooms, minmay_pentomino_p2
D:2:      layout_rooms, nemelex_altar_shiori, dk_noncrumbling_3,
          serial_park_tiny_2, uniq_crazy_yiuf_cottage

Action                   || total
-------------------------++-------
Melee: Dagger            ||    10
       Unarmed           ||     1
       Bite              ||     1
 Cast: Pain              ||    27
       Animate Skeleton  ||     1
  Use: Potion            ||     2
Armor: Leather armour    ||    10
       Skin              ||     2
Dodge: Dodged            ||    20
